Map: [ESL] Dragon Scales

Players

PiG - Winner!

  • Race: Zerg Zerg
  • League: Master
  • Spawn Location: 5:00

UnicroN

  • Race: Zerg Zerg
  • League: Diamond
  • Spawn Location: 11:00

VOD

Have the link to the VOD?

Description

Time

  • Played on: April 11, 2023, 7:31 p.m.
  • Length: 7:28
Show
View Real Time Build Order
Export as new Build Order

PiG Zerg - Winner!

Build Orders: Hatch First 

Get SALT Encoding   

  12  0:00  Drone  
  13  0:12  Overlord  
  13  0:16  Drone  
  14  0:31  Drone x2  
  16  0:37  Drone  
  17  0:51  Drone  
  18  0:58  Hatchery  
  17  1:09  Spawning Pool  
  16  1:12  Drone  
  16  1:16  Drone  
  18  1:27  Drone  
  19  1:36  Drone  
  20  1:52  Overlord  
  20  1:59  Queen  
  22  2:10  Queen  
  22  2:11  Zergling x4  
  22  2:13  Drone x2  
  29  2:22  Drone  
  29  2:35  Queen  
  31  2:38  Drone x3  
  34  2:46  Drone x2  
  36  2:53  Extractor x2  
  36  2:56  Spine Crawler  
  36  2:57  Drone x2  
  35  3:17  Drone  
  35  3:18  Overlord  
  35  3:19  Overlord  
  36  3:31  Evolution Chamber, Roach Warren  
  36  3:33  Evolution Chamber  
  33  3:36  Drone x7  
  40  3:52  Drone x7  
  47  3:56  Lair  
  47  3:58  Overlord  
  47  4:00  Overlord  
  47  4:01  Extractor  
  46  4:10  Zerg Missile Weapons Level 1  
  46  4:16  Drone  
  46  4:17  Drone  
  48  4:18  Drone  
  49  4:29  Roach x5  
  49  4:30  Roach  
  61  4:36  Overlord  
  61  4:44  Overlord  
  61  4:45  Overlord  
  60  4:54  Glial Reconstitution  
  72  5:00  Roach x6  
  72  5:08  Hatchery  
  71  5:15  Overlord x4  
  71  5:28  Roach x5  
  81  5:36  Roach x3  
  87  5:59  Roach x9  
  102  6:44  Roach x13  
  126  6:58  Roach x3  
  130  7:04  Overlord x2  
Show
View Real Time Build Order
Export as new Build Order

UnicroN Zerg 

Build Orders: Hatch First 

Get SALT Encoding   

  12  0:00  Drone  
  13  0:13  Overlord  
  13  0:18  Drone  
  14  0:32  Drone x2  
  16  0:52  Hatchery, Drone  
  16  0:58  Drone  
  17  1:07  Extractor  
  17  1:08  Drone  
  17  1:17  Spawning Pool  
  16  1:21  Drone  
  17  1:31  Drone  
  18  1:40  Drone  
  19  1:53  Drone  
  20  2:04  Queen x2  
  20  2:06  Zergling x4  
  26  2:12  Overlord  
  26  2:17  Drone  
  27  2:24  Drone  
  27  2:26  Metabolic Boost  
  28  2:35  Drone x2  
  30  2:43  Hatchery  
  29  2:48  Zergling x4  
  31  2:58  Drone x3  
  34  3:10  Evolution Chamber  
  33  3:13  Queen, Evolution Chamber  
  33  3:18  Overlord  
  34  3:27  Drone x2  
  36  3:35  Extractor  
  36  3:37  Drone  
  36  3:38  Drone x4  
  40  4:04  Roach Warren  
  40  4:05  Drone  
  40  4:06  Drone x2, Overlord  
  40  4:07  Overlord  
  42  4:20  Drone  
  42  4:21  Zerg Missile Weapons Level 1, Drone x3  
  42  4:23  Zerg Ground Armor Level 1  
  46  4:25  Drone  
  47  4:38  Overlord  
  47  4:39  Overlord  
  47  4:41  Lair  
  47  4:44  Queen  
  49  4:48  Drone  
  49  4:49  Drone  
  50  4:54  Roach x2  
  53  5:02  Drone x4  
  53  5:03  Roach  
  59  5:13  Overlord  
  59  5:17  Drone x5  
  59  5:18  Roach  
  59  5:19  Roach  
  68  5:23  Roach  
  68  5:25  Extractor  
  68  5:26  Roach  
  73  5:28  Roach  
  73  5:32  Roach x2  
  77  5:43  Roach x2  
  81  5:51  Overlord x2  
  81  5:52  Overlord  
  81  6:17  Roach  
  81  6:18  Roach x9  
  99  6:26  Extractor, Hydralisk Den  
  99  6:27  Roach  
  99  6:28  Roach  
  89  6:36  Roach x3  
  87  6:45  Roach x3  
  80  6:54  Roach x2  
  80  6:55  Roach  
  56  7:02  Roach  
  56  7:03  Roach  
Tags
 
Matchup
ZvZ
Player
PiG
Race
Zerg
Replay Pack
b2gm dia3
Spawn Locations
Cross Positions
Add a new tag
Caveats
  • Supply blocks, unpowered buildings, or Contaminate may cause inaccurate times.
  • Supply counts are checked every 10 seconds.